 Dungeon Crawl Stone Soup version 0.20-a0-433-g9e36e56 (webtiles) character file.

492 Kriby the Skirmisher (level 6, -1/53 HPs)
             Began as a Mummy Fighter on Jan 4, 2017.
             Was a Believer of Uskayaw.
             Slain by an orc wizard
             ... wielding a +0 dagger
              (2 damage)
             ... on level 5 of the Dungeon.
             The game lasted 00:03:26 (5186 turns).

Kriby the Skirmisher (Mummy Fighter)                Turns: 5186, Time: 00:03:26

Health: -1/53      AC: 10    Str: 20    XL:     6   Next: 91%
Magic:  6/6        EV:  6    Int:  7    God:    Uskayaw [**....]
Gold:   166        SH:  0    Dex: 13    Spells: 5/5 levels left

rFire  . . .     SeeInvis .     a - +0 war axe
rCold  + . .     Gourm    .     f - +1 chain mail {rF+}
rNeg   + + +     Faith    .     c - +0 shield
rPois  ∞         Spirit   .     (no helmet)
rElec  .         Reflect  .     h - +0 cloak
rCorr  .         Harm     .     (no gloves)
MR     .....                    (no boots)
Stlth  ..........               (no amulet)
                                (no ring)
                                j - +1 ring of evasion

@: confused
A: no food or potions, fire vulnerability, cold resistance 1, negative energy
resistance 3, torment resistance, unbreathing
a: Stomp, Line Pass, Renounce Religion


You were on level 5 of the Dungeon.
You worshipped Uskayaw.
Uskayaw was noncommittal.
You were not hungry.

You visited 1 branch of the dungeon, and saw 5 of its levels.

You collected 166 gold pieces.

Inventory:

Hand Weapons
 a - a +0 war axe (weapon)
Armour
 b - a +0 scale mail
 c - a +0 shield (worn)
 f - a +1 chain mail of fire resistance (worn)
 h - a +0 cloak (worn)
Jewellery
 j - a +1 ring of evasion (left hand)
Wands
 i - a wand of iceblast (8/15)
Scrolls
 d - a scroll of remove curse
 e - a scroll of blinking {unknown}
 g - 3 scrolls of recharging
 k - 3 scrolls of teleportation {unknown}
 l - a scroll of fog {unknown}


   Skills:
 * Level 6.7 Fighting
 + Level 3.6 Axes
 - Level 2.4 Armour
 - Level 2.4 Shields


You had 5 spell levels left.
You didn't know any spells.

Dungeon Overview and Level Annotations

Branches:
Dungeon (5/15)
 Temple: D:4-7

Altars:
Fedhas
Hepliaklqana
Uskayaw

Annotations:
D:3 exclusion: oklob plant


Innate Abilities, Weirdness & Mutations

You do not eat or drink.
Your flesh is vulnerable to fire.
You are immune to poison.
Your flesh is cold resistant. (rC+)
You are immune to negative energy. (rN+++)
You are immune to unholy pain and torment.
You can survive without breathing.


Message History

* * * LOW HITPOINT WARNING * * *
You can now pass through a line of other dancers.
You hit the orc priest.
You kill the orc priest!
You miss something. Something hits you but does no damage.
You hear some strange, mumbled words.
Something tries to affect you, but you resist.
Something hits you but does no damage.
You hear some strange, mumbled words.
A puff of flame appears from out of thin air!
The puff of flame hits you!
* * * LOW HITPOINT WARNING * * *
You hear some strange, mumbled words.
You are confused.
There is a stone staircase leading up here.
In your confused state, you trip and fall back down the stairs.
* * * LOW HITPOINT WARNING * * *
Unknown command.
You bump into the rock wall.
Something hits you.
You die...

....##.## #............###..o....
.....#..###)..###......######.{..
........##....# #.......#####....
#............####>..##...........
#.###.........##.[..###.......o..
#.# #.......##......###....###...
.## #.......####.###.#.....# ....
.# ##....##.## #{# #.......# ..o.
.###....###..# #@# ##............
.......## ##.###.# #.....##.....
.....### ##.##.## #...### .##
..#..# #.##..###..## . #.#..#
##......##.# ##.### ###...#######
### #....## #####.## ##.#


There were no monsters in sight!

Vanquished Creatures
  A scorpion (D:4)
  A hound (D:5)
  Crazy Yiuf (D:4)
  2 orc priests
  A centaur skeleton (D:5)
  A worker ant (D:5)
  3 orc wizards
  9 adders
  4 worms
  A dart slug (D:1)
  4 leopard geckos
  4 orcs
  8 bats
  4 giant cockroaches
  6 hobgoblins
  14 jackals
  A quokka (D:3)
  3 ball pythons
  6 frilled lizards
  8 goblins
  16 kobolds
  8 rats
106 creatures vanquished.

Notes
Turn   | Place    | Note
-------+----------+-------------------------------------------
     0 | D:1      | Kriby the Mummy Fighter began the quest for the Orb.
     0 | D:1      | Reached XP level 1. HP: 18/18 MP: 1/1
   346 | D:1      | Reached XP level 2. HP: 20/24 MP: 2/2
   697 | D:1      | Reached skill level 4 in Fighting
   740 | D:1      | Reached XP level 3. HP: 29/30 MP: 3/3
  1415 | D:2      | Reached XP level 4. HP: 38/38 MP: 4/4
  1483 | D:2      | Found a faded altar of an unknown god.
  1791 | D:2      | Became a worshipper of Uskayaw the Reveler
  1791 | D:2      | Reached * piety under Uskayaw
  2083 | D:3      | Reached skill level 5 in Fighting
  2164 | D:3      | Reached ** piety under Uskayaw
  2165 | D:3      | Reached *** piety under Uskayaw
  2167 | D:3      | Reached XP level 5. HP: 14/44 MP: 5/5
  3063 | D:3      | Found a blossoming altar of Fedhas.
  3170 | D:3      | Noticed an oklob plant
  3622 | D:4      | Found a runed door.
  3992 | D:4      | Reached skill level 6 in Fighting
  3992 | D:4      | Reached XP level 6. HP: 39/52 MP: 6/6
  4140 | D:4      | Noticed Crazy Yiuf
  4150 | D:4      | Killed Crazy Yiuf
  4274 | D:5      | Entered Level 5 of the Dungeon
  4357 | D:5      | Found a hazy altar of Hepliaklqana.
  5182 | D:5      | HP: 2/53 [something/puff of flame (6)]
  5186 | D:5      | Slain by an orc wizard

Vault maps used:
D:1:      roderic_crossed_star, minmay_heptomino_w4
D:2:      chequers_ecumenical_altar_island
D:3:      tgw_fedhas
D:4:      uniq_crazy_yiuf_cottage
D:5:      kennysheep_mini, first_bread

Skill      XL: |  1  2  3  4  5 |
---------------+----------------+-----
Fighting       | 4 5 6 |  6.7
Axes           | 2 3 |  3.6
Armour         | |  2.4
Shields        | |  2.4

Action                   |  1- 3 |  4- 6 || total
-------------------------+-------+-------++-------
Melee: War axe           |   109 |   290 ||   399
  Use: Scroll            |       |     4 ||     4
 Stab: Paralysed         |       |     3 ||     3
Armor: Scale mail        |    36 |       ||    36
       Chain mail        |    66 |   227 ||   293
Dodge: Dodged            |    36 |    69 ||   105
Block: Shield            |    71 |   153 ||   224
